 Dungeon Crawl Stone Soup version 0.20-a0-453-g91466d2 (webtiles) character file.

49 HagarQim the Poker (level 3, -1/28 HPs)
             Began as a Merfolk Skald on Jan 8, 2017.
             Slain by a worm (9 damage)
             ... on level 2 of the Dungeon.
             The game lasted 00:09:26 (1048 turns).

HagarQim the Poker (Merfolk Skald)                  Turns: 1048, Time: 00:09:27

Health: -1/28      AC:  3    Str: 11    XL:     3   Next: 75%
Magic:  4/6        EV: 13    Int: 12    God:
Gold:   73         SH:  0    Dex: 14    Spells: 3/6 levels left

rFire  . . .     SeeInvis .     a - +0 spear
rCold  . . .     Gourm    .     b - +0 leather armour
rNeg   . . .     Faith    .     (no shield)
rPois  .         Spirit   .     (no helmet)
rElec  .         Reflect  .     (no cloak)
rCorr  .         Harm     .     (no gloves)
MR     .....                    (no boots)
Stlth  +.........               (no amulet)
                                (no ring)
                                (no ring)

@: singing
A: change form in water, swift swim, stealthy swim
a: Stop Singing


You were on level 2 of the Dungeon.
You were hungry.

You visited 1 branch of the dungeon, and saw 2 of its levels.

You collected 73 gold pieces.

Inventory:

Hand Weapons
 a - a +0 spear (weapon)
Armour
 b - a +0 leather armour (worn)
Scrolls
 e - 2 scrolls of teleportation
 g - a scroll of identify {unknown}
 h - a scroll of remove curse {unknown}
 j - a scroll of blinking {unknown}
Potions
 i - a potion of brilliance {unknown}
 k - 2 potions of agility {unknown}
Books
 c - a book of Battle

   Spells                             Type                      Level
   a - Infusion                       Charms                       1
   b - Shroud of Golubria             Charms/Translocation         2
   c - Song of Slaying                Charms                       2
   d - Spectral Weapon                Hexes/Charms                 3
   e - Regeneration                   Charms/Necromancy            3
Comestibles
 d - 2 bread rations
 f - a meat ration


   Skills:
 + Level 2.5 Fighting
 + Level 4.0 Polearms
 - Level 0.6 Armour
 + Level 3.1 Dodging
 + Level 2.2 Spellcasting
 + Level 3.8 Charms


You had 3 spell levels left.
You knew the following spells:

 Your Spells              Type           Power        Failure   Level  Hunger
a - Infusion              Chrm           ##..         10%         1    ##.....
b - Song of Slaying       Chrm           ##......     14%         2    ###....


Dungeon Overview and Level Annotations

Branches:
Dungeon (2/15)

Altars:


Message History

The adder barely misses you.
Unknown command.
You hit the adder.
The adder is severely wounded.
The adder barely misses you. The worm closely misses you.
A goblin comes into view.
You hit the adder.
You kill the adder!
Your Polearms skill increases to level 4!
You barely miss the worm. The worm bites you.
* * * LOW HITPOINT WARNING * * *
A goblin comes into view. It is wielding a club.
You hit the goblin.
You kill the goblin!
You hit the worm.
The worm is moderately wounded.
The worm completely misses you.
You closely miss the goblin. The goblin hits you but does no damage.
You barely miss the goblin. The worm bites you!
You die...

.....#.# #.#
#.#.#.######.#
####.........##.#
#.........###.#.#
###.##.#.#.## ##..##
#####.....#....# #..<.
........?###.#.# ##.###
####.#.#.#.###.###.####
#.#?@##.####.........
##wg..........#####
.##.#####..### .# .#
#..# #. # #..####### #
#......... ##.#######
#.# #.#


You could see a worm and a goblin.

Vanquished Creatures
  A gnoll (D:1)
  2 adders (D:2)
  A dart slug (D:1)
  A leopard gecko (D:1)
  A giant cockroach (D:1)
  3 goblins
  2 hobgoblins (D:1)
  2 bats (D:1)
  2 frilled lizards (D:1)
  4 kobolds (D:1)
  2 rats (D:1)
21 creatures vanquished.

Notes
Turn   | Place    | Note
-------+----------+-------------------------------------------
     0 | D:1      | HagarQim the Merfolk Skald began the quest for the Orb.
     0 | D:1      | Reached XP level 1. HP: 16/16 MP: 3/3
   138 | D:1      | Reached XP level 2. HP: 23/23 MP: 5/5
   145 | D:1      | Learned a level 2 spell: Song of Slaying
   335 | D:1      | Reached XP level 3. HP: 21/28 MP: 3/6
  1043 | D:2      | Reached skill level 4 in Polearms
  1048 | D:2      | Slain by a worm

Vault maps used:
D:1:      dpeg_arrival_chambers_temple_mockup
D:2:      nicolae_overflow_crystal_walls, overflow_temple_1_default,
          old_standard_altar, overflow_temple_1_default

Skill      XL: |  1  2  3 |
---------------+----------+-----
Dodging        | 3 |  3.1
Polearms       | 4 |  4.0
Fighting       | |  2.5
Armour         | |  0.6
Spellcasting   | |  2.2
Charms         | |  3.8

Action                   || total
-------------------------++-------
Melee: Spear             ||    92
 Cast: Song of Slaying   ||     4
  Use: Scroll            ||     1
Armor: Leather armour    ||    15
Dodge: Dodged            ||    46
